 Dungeon Crawl Stone Soup version 0.19.5 (webtiles) character file.

94781 JeffiDaFish the Bludgeoner (level 16, -7/104 HPs)
             Began as a Gargoyle Fighter on Oct 17, 2017.
             Was the Champion of Okawaru.
             Killed by divine providence
             ... invoked by Saint Roka
              (11 damage)
             ... on level 2 of the Orcish Mines.
             The game lasted 01:06:19 (25088 turns).

JeffiDaFish the Bludgeoner (Gargoyle Fighter)      Turns: 25088, Time: 01:06:20

Health: -7/104     AC: 51    Str: 29    XL:     16   Next: 12%
Magic:  19/21      EV: 13    Int:  9    God:    Okawaru [******]
Gold:   1908       SH: 22    Dex: 16    Spells: 0 memorised, 15 levels left

rFire  . . .     SeeInvis +     p - +9 flail
rCold  + . .     Gourm    .     q - +8 plate armour of Fashionability {Str+4}
rNeg   + + +     Faith    .     E - +1 large shield
rPois  ∞         Spirit   .     C - +5 hat of Trial and Error {rCorr}
rElec  +         Reflect  .     o - +1 cloak of Starlight {rElec rC+ EV+4 Stlth--}
rCorr  +         Harm     .     v - +2 pair of gloves {Str+3}
MR     +++..                    r - +1 pair of boots "Talaots" {*Drain rN++ MR++}
Stlth  ..........               u - amulet of rage
                                D - ring of see invisible
                                j - +4 ring of dexterity

@: exhausted, flying, slowed, very slow
A: big wings, icy blue scales 1, blurry vision 1, clumsy 1, negative energy
resistance 1, electricity resistance, unbreathing, petrification resistance, rot
immunity, AC +11
a: Stop Flying, Heroism, Finesse, Renounce Religion, Evoke Berserk Rage


You were on level 2 of the Orcish Mines.
You worshipped Okawaru.
Okawaru was exalted by your worship.
You were hungry.

You visited 4 branches of the dungeon, and saw 24 of its levels.
You also visited: Volcano.

You collected 1944 gold pieces.
You spent 36 gold pieces at shops.

Inventory:

Hand Weapons
 p - a +9 flail (weapon)
 F - a +4 morningstar of protection
Armour
 o - the +1 cloak of Starlight (worn) {rElec rC+ EV+4 Stlth--}
   (You found it on level 6 of the Lair of Beasts)

   It affects your evasion (+4).
   It protects you from cold.
   It insulates you from electricity.
   It makes you much less stealthy.
 q - the +8 plate armour of Fashionability (worn) {Str+4}
   (You found it on level 6 of the Lair of Beasts)

   It affects your strength (+4).
 r - the +1 pair of boots "Talaots" (worn) {*Drain rN++ MR++}
   (You acquired it on level 6 of the Lair of Beasts)

   It greatly protects you from negative energy.
   It affects your resistance to hostile enchantments.
   It causes draining when unequipped.
 v - a +2 pair of gloves of strength (worn)
 C - the +5 hat of Trial and Error (worn) {rCorr}
   (Okawaru gifted it to you on level 15 of the Dungeon)

   It protects you from acid and corrosion.
 E - a +1 large shield (worn)
Jewellery
 j - a +4 ring of dexterity (left hand)
 u - an amulet of rage (around neck)
 D - a ring of see invisible (right hand)
Wands
 t - a wand of iceblast (11/15)
Scrolls
 d - 14 scrolls of identify
 g - 4 scrolls of fog
 k - a scroll of magic mapping
 l - 7 scrolls of teleportation
 m - 12 scrolls of remove curse
 w - 2 scrolls of amnesia
 y - a scroll of recharging
Potions
 e - 2 potions of agility
 s - a potion of haste
 x - 4 potions of brilliance
 A - a potion of might
 B - a potion of ambrosia
Comestibles
 a - 3 beef jerkies
 b - 7 royal jellies
 f - 14 bread rations
 h - 42 fruits
 i - 9 meat rations
 z - 10 slices of pizza


   Skills:
 * Level 13.4 Fighting
 * Level 15.4 Maces & Flails
 * Level 13.9 Armour
 + Level 5.8 Dodging
 - Level 2.3 Stealth
 * Level 14.1 Shields
 + Level 6.8 Invocations


You had 15 spell levels left.
You didn't know any spells.

Dungeon Overview and Level Annotations

Branches:
Dungeon (15/15)            Temple (1/1) D:4            Lair (6/6) D:9
  Swamp (0/4) Lair:3       Spider (0/4) Lair:3        Slime (0/5) Lair:6
    Orc (2/2) D:10         Vaults (0/5) D:13         Depths (0/5) D:15
    Elf: Orc:2

Altars:
Cheibriados
Dithmenos
Elyvilon
Fedhas
Gozag
Hepliaklqana
Makhleb
Okawaru
Qazlal
Sif Muna
Xom
Yredelemnul
Zin
The Shining One
Jiyva

Shops:
D:4 ?   D:9 %   D:10 (   D:14 *

Annotations:
Lair:6 1 runed door
Orc:2 Saint Roka


Innate Abilities, Weirdness & Mutations

You are resistant to torment.
Your stone body is resilient. (AC +11)
You are immune to poison.
Your large and strong wings let you fly indefinitely.
You resist negative energy. (rN+)
You are resistant to electric shocks. (rElec)
You can survive without breathing.
You are immune to petrification.
You are immune to rotting.
You are partially covered in icy blue scales. (AC +2)
Scrolls take you a little longer to read.
You are clumsy. (Dex -2)


Message History

* * * LOW HITPOINT WARNING * * *
You block the orc's attack.
The orc warrior no longer looks unusually strong.
The orc no longer looks unusually strong.
You block the orc warrior's attack.
Saint Roka calls out, "Only Beogh rules here!"
Saint Roka invokes the aid of Beogh against you.
Beogh smites you!
* * * LOW HITPOINT WARNING * * *
Saint Roka invokes the aid of Beogh against you.
Beogh smites you!
* * * LOW HITPOINT WARNING * * *
You block the orc warrior's attack.
You closely miss the orc.
The orc no longer looks unusually strong.
You block the orc's attack. The orc hits you but does no damage.
You block the orc's attack.
Saint Roka mumbles some strange prayers to Beogh against you.
Beogh smites you!
You die...

### ##
##..####.####
##.........#.##
.##......o......#
...............#..
......)...........
.o...$[..oo.......
........o@oo......
..............####
.........o....#
..............#
..............#
........#.......
........#.....#..
.............#..


You could see Saint Roka, an orc warrior, an orc wizard and 4 orcs.

Vanquished Creatures
  A fire giant (D:15)
  Nessos (D:15)
  5 dire elephants (Lair:6)
  The ghost of JeffiDaFish the Blocker, a journeyman GrFi of Okawaru (Lair:4)
  A great orb of eyes (D:13)
  8 vault guards (D:13)
  A hydra (D:12)
  2 catoblepae
  An anaconda (Lair:6)
  A death knight (D:14)
  3 centaur warriors
  5 death yaks (Lair:6)
  A tengu warrior (D:14)
  4 slime creatures
  7 hill giants
  The ghost of JeffiDaFish the Basher, a novice GrFi of Okawaru (D:8)
  A lindwurm (Lair:4)
  An orc knight (Orc:1)
  A wolf spider zombie (D:14)
  2 orc sorcerers
  A wolf spider (D:15)
  An oklob plant (Lair:4)
  A deep elf mage (D:14)
  31 ugly things
  3 cyclopes
  A manticore (Lair:4)
  5 elephants
  7 black mambas
  A smoke demon (Volcano)
  6 spiny frogs
  A molten gargoyle (Volcano)
  7 komodo dragons
  3 rime drakes
  The ghost of JeffiDaFish the Shield-Bearer, a novice GrFi of Okawaru (D:5)
  A freezing wraith (D:15)
  A queen bee (Lair:4)
  2 tengu conjurers
  2 red devils (Volcano)
  3 meliai (Lair:4)
  4 trolls
  A wind drake (shapeshifter) (D:14)
  4 polar bears
  22 blink frogs
  4 two-headed ogres
  A hornet (D:9)
  15 hippogriffs
  A centaur simulacrum (D:15)
  3 redbacks (Lair:3)
  A shadow (D:15)
  2 wraiths
  49 yaks
  5 wyverns
  A human (D:14)
  6 basilisks
  8 fire bats
  A steam dragon (D:14)
  12 vampire mosquitoes
  Menkaure (D:7)
  2 hungry ghosts
  A warg (Orc:1)
  Duvessa (D:4)
  A hell hound (Volcano)
  13 water moccasins
  3 sky beasts
  9 porcupines
  9 ice beasts
  20 orc warriors
  2 phantoms (D:7)
  9 ogres
  An eye of draining (D:13)
  5 wolves
  16 centaurs
  8 crocodiles
  2 big kobolds (D:5)
  11 bullfrogs
  A wyvern zombie (D:8)
  Dowan (D:4)
  A water moccasin skeleton (D:6)
  5 scorpions
  36 killer bees
  10 wights
  2 electric eels
  6 crimson imps
  7 lava snakes (Volcano)
  2 jellies
  3 bullfrog skeletons
  2 bullfrog zombies
  5 centaur zombies
  18 orc priests
  5 centaur skeletons
  4 hounds
  An iguana (D:5)
  24 orc wizards
  2 hell rats (Lair:4)
  7 worker ants
  A hound zombie (D:9)
  2 hound skeletons
  A worker ant zombie (D:11)
  15 gnolls
  A howler monkey skeleton (D:7)
  11 adders
  2 shadow imps
  A white imp (D:9)
  A worker ant simulacrum (D:9)
  An ufetubus (D:9)
  5 worms
  2 adder skeletons
  2 adder zombies
  3 leopard geckos
  81 orcs
  9 giant cockroaches
  3 goblins
  15 hobgoblins
  3 jackals (D:3)
  14 kobolds
  8 quokkas
  5 bats
  5 frilled lizards
  A jackal skeleton (D:8)
  A jackal zombie (D:5)
  2 leopard gecko skeletons (D:4)
  A quokka skeleton (D:9)
  7 rats
  A fungus (Lair:6)
  A plant (Lair:6)
727 creatures vanquished.

Vanquished Creatures (others)
  A white imp (D:9)
  10 fungi
  8 plants
19 creatures vanquished.

Grand Total: 746 creatures vanquished

Notes
Turn   | Place    | Note
-------+----------+-------------------------------------------
     0 | D:1      | JeffiDaFish the Gargoyle Fighter began the quest for the Orb.
     0 | D:1      | Reached XP level 1. HP: 14/14 MP: 1/1
   239 | D:1      | Reached XP level 2. HP: 19/19 MP: 2/2
   904 | D:2      | Reached XP level 3. HP: 15/23 MP: 3/3
  1586 | D:2      | Reached XP level 4. HP: 28/28 MP: 4/4
  1590 | D:2      | Gained mutation: Scrolls take you a little longer to read. [potion of mutation]
  1590 | D:2      | Gained mutation: You are clumsy. (Dex -2) [potion of mutation]
  1590 | D:2      | Gained mutation: You are partially covered in icy blue scales. (AC +2) [potion of mutation]
  2111 | D:3      | Reached skill level 1 in Dodging
  2218 | D:3      | Found a snail-covered altar of Cheibriados.
  2264 | D:3      | Reached skill level 3 in Maces & Flails
  2264 | D:3      | Reached XP level 5. HP: 27/32 MP: 5/5
  2424 | D:3      | Found a burning altar of Makhleb.
  2426 | D:3      | Found a glowing silver altar of Zin.
  2426 | D:3      | Noticed an angel
  2426 | D:3      | Noticed a cacodemon
  3030 | D:4      | Noticed Duvessa
  3050 | D:4      | Noticed Dowan
  3056 | D:4      | Killed Duvessa
  3056 | D:4      | Reached XP level 6. HP: 38/38 MP: 6/6
  3058 | D:4      | Killed Dowan
  3058 | D:4      | Reached skill level 4 in Maces & Flails
  3130 | D:4      | Found a staircase to the Ecumenical Temple.
  3140 | Temple   | Entered the Ecumenical Temple
  3179 | Temple   | Became a worshipper of Warmaster Okawaru
  3261 | D:4      | Found Uboskep's Magic Scroll Shoppe.
  3269 | D:4      | Bought a scroll of teleportation for 36 gold pieces
  3479 | D:4      | Reached XP level 7. HP: 42/43 MP: 7/7
  3670 | D:4      | Reached skill level 5 in Maces & Flails
  3876 | D:5      | Entered Level 5 of the Dungeon
  3918 | D:5      | Reached skill level 5 in Armour
  4027 | D:5      | Reached * piety under Okawaru
  4109 | D:5      | Noticed JeffiDaFish's ghost (novice GrFi)
  4143 | D:5      | Killed JeffiDaFish's ghost
  4143 | D:5      | Reached skill level 6 in Maces & Flails
  4143 | D:5      | Reached skill level 5 in Shields
  4143 | D:5      | Reached XP level 8. HP: 44/48 MP: 8/8
  4244 | D:5      | Reached skill level 5 in Fighting
  4510 | D:5      | Found a blossoming altar of Fedhas.
  4937 | D:6      | Reached skill level 7 in Maces & Flails
  5044 | D:6      | Reached ** piety under Okawaru
  5112 | D:6      | Reached XP level 9. HP: 23/54 MP: 9/9
  5597 | D:6      | Identified a scroll of acquirement
  5622 | D:6      | Reached skill level 8 in Maces & Flails
  5816 | D:6      | Reached *** piety under Okawaru
  6002 | D:7      | Noticed Menkaure
  6008 | D:7      | Killed Menkaure
  6099 | D:7      | Noticed a hill giant
  6135 | D:7      | Killed a hill giant
  6135 | D:7      | Reached skill level 9 in Maces & Flails
  6135 | D:7      | Reached XP level 10. HP: 13/61 MP: 10/10
  6147 | D:7      | Reached **** piety under Okawaru
  6664 | D:8      | Found a basalt altar of Yredelemnul.
  6666 | D:8      | Noticed a profane servitor
  6683 | D:8      | Found a glowing golden altar of the Shining One.
  6685 | D:8      | Noticed an angel
  6858 | D:8      | Noticed JeffiDaFish's ghost (novice GrFi)
  6895 | D:8      | Killed JeffiDaFish's ghost
  7110 | D:8      | Reached ***** piety under Okawaru
  7167 | D:8      | Reached skill level 10 in Maces & Flails
  7483 | D:8      | Found a white marble altar of Elyvilon.
  8011 | D:9      | Found Qysetekupt's Food Shop.
  8323 | D:9      | Reached XP level 11. HP: 24/68 MP: 11/11
  8625 | D:9      | Found a deep blue altar of Sif Muna.
  8627 | D:9      | Found an opulent altar of Gozag.
  8627 | D:9      | Found a stormy altar of Qazlal.
  8725 | D:9      | Reached skill level 11 in Maces & Flails
  8842 | D:9      | Found a staircase to the Lair.
  8888 | D:9      | Received a gift from Okawaru
  9002 | Lair:1   | Entered Level 1 of the Lair of Beasts
  9134 | Lair:1   | Reached ****** piety under Okawaru
  9134 | Lair:1   | Reached skill level 1 in Stealth
  9500 | Lair:1   | Received a gift from Okawaru
 10132 | Lair:2   | Found a glowing silver altar of Zin.
 10800 | Lair:3   | Reached skill level 12 in Maces & Flails
 10935 | Lair:3   | Reached skill level 10 in Shields
 10966 | Lair:3   | Reached XP level 12. HP: 45/75 MP: 12/12
 11272 | Lair:3   | Found a staircase to the Swamp.
 11488 | Lair:3   | Found a hole to the Spider Nest.
 12069 | Lair:3   | Received a gift from Okawaru
 12138 | Lair:4   | Reached skill level 10 in Armour
 12173 | Lair:4   | Found a dark tunnel.
 12193 | Volcano  | Entered a volcano
 12737 | Volcano  | Found a bloodstained altar of Trog.
 12755 | Volcano  | Noticed a sun demon
 12806 | Volcano  | Reached skill level 13 in Maces & Flails
 13093 | Lair:4   | Noticed JeffiDaFish's ghost (journeyman GrFi)
 13133 | Lair:4   | Killed JeffiDaFish's ghost
 13133 | Lair:4   | Reached skill level 1 in Invocations
 13169 | Lair:4   | Received a gift from Okawaru
 13186 | Lair:4   | Got a bloodstained cloak {god gift}
 13192 | Lair:4   | Identified the +1 cloak of the Countless Seas {+Fly rF- rN+ Stlth+} (Okawaru gifted it to you on level 4 of the Lair of Beasts)
 13299 | Lair:4   | Found a shimmering altar of Xom.
 13316 | Lair:4   | Reached XP level 13. HP: 57/82 MP: 14/14
 13455 | Lair:4   | Reached skill level 10 in Fighting
 15258 | Lair:5   | Received a gift from Okawaru
 15854 | Lair:6   | Entered Level 6 of the Lair of Beasts
 15863 | Lair:6   | Got a pair of polished boots
 15874 | Lair:6   | Identified the +1 pair of boots "Talaots" {*Drain rN++ MR++} (You acquired it on level 6 of the Lair of Beasts)
 15967 | Lair:6   | Gained mutation: Your large and strong wings let you fly indefinitely. [Gargoyle growth]
 15967 | Lair:6   | Reached XP level 14. HP: 32/90 MP: 17/17
 16295 | Lair:6   | Received a gift from Okawaru
 16413 | Lair:6   | Found a runed door.
 16413 | Lair:6   | Noticed an acid blob
 16413 | Lair:6   | Noticed an acid blob
 16420 | Lair:6   | Found a viscous altar of Jiyva.
 16420 | Lair:6   | Found a staircase to the Slime Pits.
 16420 | Lair:6   | Noticed an acid blob
 16824 | Lair:6   | Reached skill level 14 in Maces & Flails
 17223 | Lair:6   | Noticed a dire elephant
 17223 | Lair:6   | Noticed a dire elephant
 17235 | Lair:6   | Noticed a dire elephant
 17243 | Lair:6   | Noticed a dire elephant
 17256 | Lair:6   | Killed a dire elephant
 17264 | Lair:6   | Killed a dire elephant
 17273 | Lair:6   | Killed a dire elephant
 17273 | Lair:6   | Reached skill level 5 in Invocations
 17287 | Lair:6   | Killed a dire elephant
 17568 | Lair:6   | Got a scorched plate armour
 17579 | Lair:6   | Identified the +8 plate armour of Fashionability {Str+4} (You found it on level 6 of the Lair of Beasts)
 17586 | Lair:6   | Noticed a dire elephant
 17607 | Lair:6   | Killed a dire elephant
 17940 | D:10     | Entered Level 10 of the Dungeon
 18119 | D:10     | Found Zumm's Weapon Shoppe.
 18482 | D:10     | Found a staircase to the Orcish Mines.
 19581 | D:12     | Received a gift from Okawaru
 20206 | D:12     | Reached skill level 5 in Dodging
 20967 | D:13     | Found a gate to the Vaults.
 21005 | D:13     | Reached XP level 15. HP: 96/96 MP: 19/19
 21079 | D:13     | Received a gift from Okawaru
 21962 | D:14     | Found Ollin's Assorted Antiques.
 21996 | D:14     | Received a gift from Okawaru
 22516 | D:14     | Reached skill level 15 in Maces & Flails
 22764 | D:15     | Entered Level 15 of the Dungeon
 23033 | D:15     | Received a gift from Okawaru
 23389 | D:15     | Noticed Nessos
 23403 | D:15     | Killed Nessos
 23475 | D:15     | Reached XP level 16. HP: 85/104 MP: 20/20
 23569 | D:15     | Found a staircase to the Depths.
 23824 | D:15     | Received a gift from Okawaru
 23831 | D:15     | Got a translucent hat {god gift}
 23842 | D:15     | Identified the +5 hat of Trial and Error {rCorr} (Okawaru gifted it to you on level 15 of the Dungeon)
 24158 | Orc:1    | Entered Level 1 of the Orcish Mines
 24688 | Orc:2    | Entered Level 2 of the Orcish Mines
 24688 | Orc:2    | Noticed Saint Roka
 24694 | Orc:1    | Paralysed by an orc sorcerer for 5 turns
 25087 | Orc:2    | HP: 4/104 [Saint Roka/divine providence (12)]
 25088 | Orc:2    | Killed from afar by Saint Roka

Skill      XL: |  1  2  3  4  5  6  7  8  9 10 11 12 13 14 15 |
---------------+----------------------------------------------+-----
Armour         | 4 5 6 7 8 9 10 11 12 13 | 13.9
Dodging        | 1 2 3 4 5 |  5.8
Shields        | 4 5 6 7 8 10 11 12 13 14 | 14.1
Maces & Flails | 3 4 6 7 9 10 12 13 14 15 | 15.4
Fighting       | 4 5 6 7 8 9 11 12 13 | 13.4
Stealth        | 1 2 |  2.3
Invocations    | 2 4 5 6 |  6.8

Action                   |  1- 3 |  4- 6 |  7- 9 | 10-12 | 13-15 | 16-18 || total
-------------------------+-------+-------+-------+-------+-------+-------++-------
Melee: Flail             |   181 |   161 |   350 |   862 |  1689 |   206 ||  3449
       Morningstar       |       |       |       |       |    95 |       ||    95
Invok: Heroism           |       |       |       |     3 |     1 |       ||     4
       Finesse           |       |       |       |       |     3 |     3 ||     6
 Abil: Fly               |       |       |       |       |     1 |       ||     1
       Evoke Berserk Rag |       |       |       |       |       |     1 ||     1
Evoke: Wand              |       |       |       |       |     1 |       ||     1
  Use: Scroll            |     3 |     4 |     4 |     8 |    15 |       ||    34
       Potion            |     3 |     4 |     6 |     8 |     3 |       ||    24
 Stab: Distracted        |       |       |       |     1 |       |       ||     1
  Eat: Chunk             |     3 |     6 |    10 |    25 |    32 |     6 ||    82
       Royal jelly       |       |       |       |     1 |     1 |       ||     2
Armor: Scale mail        |    98 |   100 |    26 |       |       |       ||   224
       Chain mail        |       |       |    65 |       |       |       ||    65
       Plate armour      |       |       |   153 |   462 |   689 |    48 ||  1352
Dodge: Dodged            |    55 |    51 |    93 |   180 |   491 |    57 ||   927
Block: Shield            |    97 |    75 |   193 |   463 |   694 |       ||  1522
       Large shield      |       |       |       |       |   525 |   195 ||   720
